 Dungeon Crawl Stone Soup version 0.25-a0-1079-g858b6a6ff6 (webtiles) character file.

Game seed: 6802760281273644389, levelgen mode: deterministic

35 BattleRest the Skirmisher (level 3, -5/33 HPs)
             Began as a Minotaur Fighter on May 15, 2020.
             Slain by a gnoll
             ... wielding a +0 halberd
              (10 damage)
             ... on level 2 of the Dungeon.
             The game lasted 00:02:24 (1206 turns).

BattleRest the Skirmisher (Minotaur Fighter)        Turns: 1206, Time: 00:02:25

Health: -5/33      AC:  5    Str: 21    XL:     3   Next: 17%
Magic:  2/2        EV:  7    Int:  5    God:
Gold:   73         SH:  9    Dex:  9    Spells: 2/2 levels left

rFire    . . .     SeeInvis .   a - +0 flail
rCold    . . .     Gourm    .   c - +0 kite shield
rNeg     + . .     Faith    .   b - +0 scale mail
rPois    .         Spirit   .   (helmet restricted)
rElec    .         Reflect  .   q - +0 cloak
rCorr    .         Harm     .   (no gloves)
MR       .....                  j - +0 pair of boots
Stlth    ..........             (no amulet)
HPRegen  0.11/turn              g - -4 ring of protection (curse)
MPRegen  0.08/turn              l - ring of positive energy

@: mighty
A: retaliatory headbutt, horns 2
a: no special abilities


You were on level 2 of the Dungeon.
You were not hungry.

You visited 1 branch of the dungeon, and saw 2 of its levels.

You collected 73 gold pieces.

Inventory:

Hand Weapons
 a - a +0 flail (weapon)
Armour
 b - a +0 scale mail (worn)
 c - a +0 kite shield (worn)
 j - a +0 pair of boots (worn)
 q - a +0 cloak (worn)
Jewellery
 g - a cursed -4 ring of protection (left hand)
 l - a ring of positive energy (right hand)
 n - a +6 ring of intelligence {unknown}
Scrolls
 m - 3 scrolls of identify
 p - 2 scrolls of remove curse {unknown}
Potions
 e - 2 potions of flight {unknown}
 i - a potion of heal wounds {unknown}
 k - a potion of curing {unknown}
 o - a potion of haste {unknown}
 r - a potion of magic {unknown}
Comestibles
 f - 2 rations
 h - a chunk of flesh


   Skills:
 + Level 4.1 Fighting
 + Level 3.0 Maces & Flails
 + Level 4.1 Armour
 + Level 4.1 Shields


You had 2 spell levels left.
You didn't know any spells.
Your spell library was empty.

Dungeon Overview and Level Annotations

Branches:
Dungeon (2/15)

Altars:


Innate Abilities, Weirdness & Mutations

You reflexively headbutt those who attack you in melee.
You have a pair of horns on your head.


Message History

Found a pair of gloves.
You see here a pair of gloves.
A gnoll comes into view. It is wielding a +0 halberd.
The gnoll misses you.
A goblin and 2 gnolls come into view.
A gnoll is wielding a +2 vorpal halberd.
The gnoll shouts! x2; The goblin shouts!
The gnoll hits you with a +0 halberd!
The gnoll hits you from afar with a +2 vorpal halberd!
You are too injured to fight recklessly!
You are too injured to fight recklessly!
You are too injured to fight recklessly!
You are too injured to fight recklessly!
You feel very mighty all of a sudden. The gnoll hits you with a +0 halberd.
You closely miss the gnoll.
The gnoll hits you from afar with a +2 vorpal halberd.
* * * LOW HITPOINT WARNING * * *
x2 The gnoll hits you with a +0 halberd!
You die...

###...# #.######
...... #.#
.####...# #.#
.....#..########.#
#.............#
###..##########
#.#####..#
.........#
######@## #g# ..g
##.#. #.#.# .g. .
... .. ... ..


You could see 2 gnolls and a goblin.

Vanquished Creatures
  A gnoll (D:1)
  A worm (D:2)
  A leopard gecko (D:2)
  2 ball pythons (D:1)
  2 bats
  A giant cockroach (D:2)
  6 goblins
  2 hobgoblins
  2 kobolds
  A frilled lizard (D:1)
  3 rats
22 creatures vanquished.

Notes
Turn   | Place    | Note
-------+----------+-------------------------------------------
     0 | D:1      | BattleRest the Minotaur Fighter began the quest for the
                  | Orb.
     0 | D:1      | Reached XP level 1. HP: 19/19 MP: 0/0
   125 | D:1      | Reached XP level 2. HP: 22/27 MP: 1/1
   912 | D:2      | Reached XP level 3. HP: 25/33 MP: 2/2
  1206 | D:2      | Slain by a gnoll

Illustrated notes

Levels and vault maps discovered:
D:1:      dpeg_arrival_simpleton_a, layout_basic
D:2:      layout_loops_corners, nicolae_overflow_hidden_temple

Skill      XL: |  1  2 |
---------------+-------+-----
Fighting       | 4 |  4.1
Armour         | 4 |  4.1
Shields        | 4 |  4.1
Maces & Flails | 3 |  3.0

Action                   || total
-------------------------++-------
Melee: Flail             ||    52
       Headbutt          ||    11
  Use: Scroll            ||     2
       Potion            ||     1
  Eat: Chunk             ||     1
Armor: Scale mail        ||    11
Dodge: Dodged            ||     9
Block: Kite shield       ||    31

Table legend:
 A = Non-vault XP
 B = Vault XP
 C = Vault XP percentage of total XP
 D = Non-vault monster count
 E = Vault monster count
 F = Vault count percentage of total count
                 A         B        C        D         E       F
            +---------+---------+-------+---------+---------+-------
      Total |      51 |       0 |   0.0 |      22 |       0 |   0.0
            +---------+---------+-------+---------+---------+-------
        D:1 |      27 |       0 |   0.0 |       9 |       0 |   0.0
        D:2 |      24 |       0 |   0.0 |      13 |       0 |   0.0
            +---------+---------+-------+---------+---------+-------
